 Dungeon Crawl Stone Soup version 0.29-a0-214-g17f627cfee (webtiles) character file.

Game seed: 1164507719887802819

218 sammy202020 the Skirmisher (level 5, -1/42 HPs)
             Began as a Demonspawn Fighter on Feb 25, 2022.
             Slain by a bullfrog (5 damage)
             ... on level 4 of the Dungeon.
             The game lasted 00:05:19 (2938 turns).

sammy202020 the Skirmisher (Demonspawn Fighter)     Turns: 2938, Time: 00:05:20

Health: -1/42      AC:  6    Str: 18    XL:     5   Next: 63%
Magic:  5/5        EV: 13    Int:  9    God:
Gold:   127        SH:  5    Dex: 13    Spells: 4/4 levels left

rFire   . . .      SeeInvis .   a - +0 flail
rCold   . . .      Faith    .   c - +0 buckler
rNeg    . . .      Spirit   .   b - +0 scale mail
rPois   .          Reflect  .   (no helmet)
rElec   .          Harm     .   (no cloak)
rCorr   .          Rampage  .   (no gloves)
Will    .....                   (no boots)
Stlth   ..........              (no amulet)
HPRegen 0.14/turn               l - +4 ring of evasion
MPRegen 0.18/turn               (no ring)

@: no status effects
A: claws 1, magic regeneration, demonic magic 2
a: no special abilities


You were on level 4 of the Dungeon.
You visited 1 branch of the dungeon, and saw 4 of its levels.

You collected 127 gold pieces.

Inventory:

Hand Weapons
 a - a +0 flail (weapon)
Armour
 b - a +0 scale mail (worn)
 c - a +0 buckler (worn)
Jewellery
 l - a +4 ring of evasion (left claw)
Scrolls
 f - a scroll of enchant weapon {unknown}
 h - a scroll of acquirement {unknown}
 i - 4 scrolls of identify {unknown}
 m - a scroll of amnesia {unknown}
 n - a scroll of noise {unknown}
Potions
 d - a potion of might
 e - a potion of lignification {unknown}
 g - 2 potions of brilliance {unknown}
 j - a potion of curing {unknown}
 k - a potion of attraction {unknown}


   Skills:
 + Level 4.0 Fighting
 + Level 2.8 Maces & Flails
 + Level 3.5 Armour
 + Level 2.0 Dodging
 + Level 3.4 Shields


You had 4 spell levels left.
You didn't know any spells.
Your spell library contained the following spells:

 Spells                   Type           Power      Damage    Failure   Level
 Summon Small Mammal      Summ           0%         N/A       86%         1
 Call Canine Familiar     Summ           0%         N/A       99%         3
 Summon Guardian Golem    Hex/Summ       0%         N/A       99%         3


Dungeon Overview and Level Annotations

Branches:
Dungeon (4/15)
 Temple: D:4-7

Altars:
Ru
Xom


Innate Abilities, Weirdness & Mutations

You have sharp fingernails.
You regenerate magic rapidly.
Spells you cast may paralyse nearby enemies.


Message History

You thump the gnoll!
You kill the gnoll!
The bullfrog hits you but does no damage.
The gnoll hits you with a +0 flail.
The gnoll hits you from afar with a +0 halberd.
The bullfrog barely misses you. The gnoll hits you with a +0 flail.
Your Fighting skill increases to level 4!
Your Dodging skill increases to level 2!
Unknown command.
Unknown command.
You hit the gnoll.
The gnoll is moderately wounded.
You block the bullfrog's attack. The gnoll barely misses you.
The gnoll hits you but does no damage. You block the gnoll's attack.
The bullfrog barely misses you. The gnoll hits you but does no damage.
You barely miss the gnoll.
The gnoll is moderately wounded.
The bullfrog hits you.
* * * LOW HITPOINT WARNING * * *
You block the gnoll's attack. x2; The gnoll closely misses you.
The bullfrog barely misses you. The gnoll barely misses you.
You hit the gnoll.
The gnoll is heavily wounded.
The bullfrog hits you.
* * * LOW HITPOINT WARNING * * *
The gnoll barely misses you. x3; You block the bullfrog's attack.
The gnoll closely misses you. The gnoll completely misses you.
The gnoll hits you with a +0 flail.
* * * LOW HITPOINT WARNING * * *
The bullfrog closely misses you. You block the bullfrog's attack.
You block the bullfrog's attack.
The bullfrog releases a deep croak.
The bullfrog closely misses you. The bullfrog barely misses you.
The bullfrog hits you but does no damage.
There is an open door here.
The bullfrog swells and bulges.
The bullfrog hits you.
You die...

#............# #.#####
#............# #.#....
#............# #.#.###
#............# #.#.#..
#............# ###.#....
#........g...# #...#....
##########g### #...+....
#........##########...#....
#........F@................
#........##########...#####
#........# #...# #........#
#.<.# #........# #####
#........# #........#
#........# #########


You could see a bullfrog and 2 gnolls.

Vanquished Creatures
  An ice beast (D:4)
  An iguana (D:4)
  A hound skeleton (D:4)
  4 adders
  A gnoll (D:4)
  A worm (D:4)
  2 dart slugs (D:2)
  3 orcs (D:3)
  3 ball pythons
  4 bats (D:2)
  5 endoplasms
  A giant cockroach (D:2)
  4 goblins
  3 hobgoblins (D:2)
  4 frilled lizards
  4 kobolds
42 creatures vanquished.

Vanquished Creatures (others)
  6 toadstools (D:3)
6 creatures vanquished.

Grand Total: 48 creatures vanquished

Notes
Turn   | Place    | Note
-------+----------+-------------------------------------------
     0 | D:1      | sammy202020 the Demonspawn Fighter began the quest for the
                  | Orb.
     0 | D:1      | Reached XP level 1. HP: 18/18 MP: 1/1
    53 | D:1      | You fall into a shaft and drop 1 floor!
   135 | D:2      | Gained mutation: You regenerate magic rapidly. [demonic
                  | ancestry]
   135 | D:2      | Reached XP level 2. HP: 24/24 MP: 2/2
   467 | D:2      | Gained mutation: You have sharp fingernails. [demonic
                  | ancestry]
   467 | D:2      | Reached XP level 3. HP: 14/29 MP: 3/3
   854 | D:2      | Reached skill level 1 in Dodging
  1741 | D:3      | Gained mutation: Spells you cast may paralyse adjacent
                  | enemies. [demonic ancestry]
  1741 | D:3      | Reached XP level 4. HP: 34/35 MP: 4/4
  2211 | D:4      | Found a shimmering altar of Xom.
  2212 | D:4      | Found a sacrificial altar of Ru.
  2633 | D:4      | Noticed an ice beast
  2645 | D:4      | Killed an ice beast
  2646 | D:4      | Gained mutation: Spells you cast may paralyse nearby
                  | enemies. [demonic ancestry]
  2646 | D:4      | Reached XP level 5. HP: 14/42 MP: 5/5
  2922 | D:4      | Reached skill level 4 in Fighting
  2925 | D:4      | HP: 2/42 [gnoll/+0 flail (3)]
  2938 | D:4      | Slain by a bullfrog

Illustrated notes

Levels and vault maps discovered:
D:1:      lemuel_arrival_river_ford, layout_basic,
          shapermc_ecumenical_altar_venn, kennysheep_nondescript
D:2:      layout_loops_ring, hex_medium
D:3:      cheibrodos_fertilizer, layout_loops_ring, minmay_puff
D:4:      layout_basic, nicolae_overflow_hidden_temple, uniq_eustachio

Skill      XL: |  1  2  3  4  5 |
---------------+----------------+-----
Maces & Flails | 2 |  2.8
Armour         | 3 |  3.5
Dodging        | 1 2 |  2.0
Shields        | 3 |  3.4
Fighting       | 4 |  4.0

Action                   |  1- 3 |  4- 6 || total
-------------------------+-------+-------++-------
Melee: Flail             |    95 |    52 ||   147
Armor: Scale mail        |    47 |    19 ||    66
Dodge: Dodged            |    37 |    49 ||    86
Block: Buckler           |    22 |    15 ||    37

Table legend: (Time is in decaauts)
 A = Elapsed time spent in this place.
 B = Non-inter-level travel time spent in this place.
 C = Inter-level travel time spent in this place.
 D = Time resting spent in this place.
 E = Time spent auto-exploring this place.
 F = Levels seen in this place.
 G = Mean time per level.
                   A        B        C        D        E       F      G
               +--------+--------+--------+--------+--------+-----+--------+
         Total |   2986 |   2864 |    122 |    368 |   1985 |   4 |  746.5 |
       Dungeon |   2986 |   2864 |    122 |    368 |   1985 |   4 |  746.5 |
               +--------+--------+--------+--------+--------+-----+--------+

Top non-repeatable levels by time:
     D:2: 1042 daAuts
     D:3: 984 daAuts
     D:4: 904 daAuts
     D:1: 55 daAuts
